[Event "ICC tourney 3150 (60 10)"]
[Site "Internet Chess Club"]
[Date "2023.03.18"]
[Round "1"]
[White "MENON, ROHAN Dileep:KIDFIRE"]
[Black "Anh, Phuc:Phucanhfananime"]
[Result "1-0"]
[ICCResult "Black resigns"]
[WhiteElo "1342"]
[BlackElo "1765"]
[Opening "Queen's bishop game"]
[ECO "D02"]
[NIC "QP.08"]
[Time "11:00:15"]
[PlyCount "79"]
[TimeControl "3600+10"]

1. d4 d5 2. Nf3 Nf6 3. Bf4 e6 4. e3 a6 5. c4 Bb4+ 6. Nc3 c5 7. dxc5 Qa5 8.
Be5 Ne4 9. a3 Bxc3+ 10. Bxc3 Nxc3 11. Qd2 dxc4 12. Bxc4 Nd7 13. Qxc3 Qxc3+
14. bxc3 Nxc5 15. O-O b5 16. Be2 Bb7 17. Nd4 O-O 18. c4 e5 19. Nf5 Nb3 20.
Rad1 bxc4 21. Bxc4 Nc5 22. Nd6 Bc6 23. Rc1 Ne4 24. Bxf7+ Kh8 25. Rxc6 Nxd6
26. Bd5 Nf5 27. Rfc1 Rad8 28. Be6 Nd6 29. Rxa6 Ne4 30. f3 Nd2 31. Rc7 Rf6
32. Rd7 Rff8 33. Rad6 Rxd7 34. Rxd7 Nb1 35. a4 g6 36. a5 e4 37. a6 Nc3 38.
a7 exf3 39. gxf3 Nb5 40. Bd5 {Black resigns} 1-0

[Event "ICC tourney 3150 (60 10)"]
[Site "Internet Chess Club"]
[Date "2023.03.18"]
[Round "1"]
[White "ZHAO, DANSON:K01-30127679"]
[Black "S.M, UMER:uncrackable"]
[Result "0-1"]
[ICCResult "White checkmated"]
[WhiteElo "1502"]
[BlackElo "1865"]
[Opening "Sicilian: Smith-Morra gambit"]
[ECO "B21"]
[NIC "SI.48"]
[Time "11:01:10"]
[PlyCount "72"]
[TimeControl "3600+10"]

1. e4 c5 2. d4 cxd4 3. c3 dxc3 4. Nxc3 e6 5. Nf3 Nc6 6. Bc4 a6 7. Bb3 d6 8.
O-O Nf6 9. Qe2 Be7 10. Rd1 e5 11. h3 h6 12. Be3 Be6 13. Ba4 b5 14. Bc2 O-O
15. a3 Qc8 16. Kh2 Rd8 17. Nd5 Bxd5 18. exd5 Nb8 19. Bb6 Re8 20. g4 Nbd7 21.
Ba5 Qb7 22. b4 Rac8 23. Bb3 Rc3 24. Bc2 Rec8 25. Bf5 g6 26. Bxd7 Qxd7 27.
Ra2 R8c4 28. Nd2 Rf4 29. Nf1 Ne4 30. Qe1 Rcf3 31. Bb6 Rxh3+ 32. Kxh3 Qxg4+
33. Kh2 Qf3 34. Ng3 Rh4+ 35. Kg1 Nxg3 36. fxg3 Rh1# {White checkmated} 0-1

[Event "ICC tourney 3150 (60 10)"]
[Site "Internet Chess Club"]
[Date "2023.03.18"]
[Round "1"]
[White "RAMKUMAR, NIKHIL:nikhilramkumar"]
[Black "VALE CRUZ, ARMIN:trucker"]
[Result "0-1"]
[ICCResult "White checkmated"]
[WhiteElo "1195"]
[BlackElo "1642"]
[Opening "Queen's pawn: stonewall attack"]
[ECO "A45"]
[NIC "QP.07"]
[Time "11:00:41"]
[PlyCount "60"]
[TimeControl "3600+10"]

1. d4 Nf6 2. e3 d5 3. Bd3 c5 4. c3 Nc6 5. f4 g6 6. Nf3 Bg7 7. Nbd2 O-O 8.
O-O b6 9. Ne5 Bb7 10. Qf3 e6 11. g4 Nd7 12. Qh3 f5 13. Ndf3 Ncxe5 14. fxe5
Qe7 15. Bd2 a6 16. Be1 h6 17. Bg3 cxd4 18. Nh4 Qg5 19. Bf4 fxg4 20. Qg3 Bxe5
21. Nxg6 Bxf4 22. exf4 Qf6 23. Nxf8 Rxf8 24. Qxg4+ Kh8 25. Qf3 dxc3 26. bxc3
Qxc3 27. Rae1 Nc5 28. Bb1 Rg8+ 29. Kf2 d4 30. Qxc3 Rg2# {White checkmated}
0-1

[Event "ICC tourney 3150 (60 10)"]
[Site "Internet Chess Club"]
[Date "2023.03.18"]
[Round "1"]
[White "Doan Giang, Nguyen Doan:Doctorstrange04"]
[Black "QIAO, RICHARDSON JINGSI:Richardsonqiao"]
[Result "1-0"]
[ICCResult "Black checkmated"]
[WhiteElo "1835"]
[BlackElo "1347"]
[Opening "Scotch: Schmidt variation"]
[ECO "C45"]
[NIC "SO.04"]
[Time "11:00:17"]
[PlyCount "137"]
[TimeControl "3600+10"]

1. e4 e5 2. Nf3 Nc6 3. d4 exd4 4. Nxd4 Nf6 5. Nc3 Bb4 6. Nxc6 bxc6 7. Bd3 d5
8. exd5 Qe7+ 9. Qe2 Qxe2+ 10. Kxe2 Bxc3 11. bxc3 cxd5 12. Ba3 Bd7 13. f3 Bc6
14. Kd2 Kd7 15. c4 Rae8 16. Rhd1 Re5 17. Kc3 Rhe8 18. Rab1 g6 19. Kb2 R5e6
20. Kc1 Rd8 21. Bc5 Ke8 22. Bxa7 Nh5 23. g3 dxc4 24. Bxc4 Rxd1+ 25. Kxd1
Bxf3+ 26. Kd2 Rd6+ 27. Ke3 Bd5 28. Bd3 Nf6 29. Rb8+ Kd7 30. a4 Ng4+ 31. Kd2
Nxh2 32. Bc5 Nf3+ 33. Kc3 Rf6 34. a5 Ne5 35. Bb5+ Bc6 36. Be2 Bf3 37. Bf1
Be4 38. Be2 Bf3 39. Bb5+ Bc6 40. Ba6 Bg2 41. Bc8+ Kc6 42. Be3 Rf3 43. Bb7+
Kd6 44. Bxf3 Bxf3 45. Bf4 Bc6 46. a6 Ke6 47. a7 Nd7 48. a8=Q Bxa8 49. Rxa8
Nb6 50. Ra7 Nd5+ 51. Kd4 Nxf4 52. gxf4 h5 53. Rxc7 h4 54. Ke3 h3 55. Rc8 Kf5
56. Rh8 Kg4 57. c4 Kg3 58. c5 h2 59. c6 Kg2 60. c7 h1=Q 61. Rxh1 Kxh1 62.
c8=Q Kg2 63. Qg8 Kg3 64. Qxf7 g5 65. fxg5 Kg4 66. g6 Kg5 67. g7 Kg4 68.
g8=Q+ Kh4 69. Qfh7# {Black checkmated} 1-0

[Event "ICC tourney 3150 (60 10)"]
[Site "Internet Chess Club"]
[Date "2023.03.18"]
[Round "1"]
[White "KOEHL, EVAN:MacAndSneeze"]
[Black "Hamlett, James Morrison:Hamlett144"]
[Result "1-0"]
[ICCResult "Black resigns"]
[WhiteElo "1729"]
[BlackElo "1200"]
[Opening "French: Tarrasch, closed variation"]
[ECO "C05"]
[NIC "FR.16"]
[Time "11:00:15"]
[PlyCount "103"]
[TimeControl "3600+10"]

1. e4 e6 2. d4 d5 3. Nd2 Nf6 4. e5 Nfd7 5. Ngf3 c5 6. c3 Nc6 7. Bd3 f6 8.
exf6 Nxf6 9. O-O cxd4 10. cxd4 Bd6 11. Nb3 O-O 12. Re1 Qc7 13. h3 e5 14.
dxe5 Nxe5 15. Nbd4 Nxd3 16. Qxd3 Ne4 17. Nb5 Qf7 18. Nxd6 Nxd6 19. Be3 Bf5
20. Qb3 Nc4 21. Bc5 Rfe8 22. Rad1 b6 23. Bd4 h6 24. Qc3 Be4 25. b3 Bxf3 26.
Qxf3 Qxf3 27. gxf3 Rxe1+ 28. Rxe1 Nd2 29. Kg2 Rf8 30. Re3 Rf5 31. Rd3 Nb1
32. Bb2 Rg5+ 33. Kh2 Rf5 34. Rd1 Rxf3 35. Kg2 Nc3 36. Rc1 Rd3 37. Bxc3 d4
38. Bb4 a5 39. Bd6 Rd2 40. a3 Rb2 41. b4 axb4 42. Bxb4 d3 43. Rd1 Rb3 44.
Rd2 Kf7 45. Kf3 g5 46. Ke3 h5 47. Rxd3 Rxd3+ 48. Kxd3 Ke6 49. Ke4 b5 50. Bd2
Kf6 51. Be3 Ke6 52. Bxg5 {Black resigns} 1-0

[Event "ICC tourney 3150 (60 10)"]
[Site "Internet Chess Club"]
[Date "2023.03.18"]
[Round "1"]
[White "ZHUGE, KATHERINE:FlowingMelody"]
[Black "Blanchette, Rene:TheWitnesses"]
[Result "0-1"]
[ICCResult "White checkmated"]
[WhiteElo "1554"]
[BlackElo "1900"]
[Opening "Alekhine's defense: exchange variation"]
[ECO "B03"]
[NIC "AL.08"]
[Time "11:00:24"]
[PlyCount "74"]
[TimeControl "3600+10"]

1. e4 Nf6 2. e5 Nd5 3. d4 d6 4. c4 Nb6 5. exd6 cxd6 6. Nc3 g6 7. Nf3 Bg7 8.
Be3 O-O 9. Be2 Nc6 10. O-O Bg4 11. b3 d5 12. c5 Nc8 13. h3 Bxf3 14. Bxf3 e6
15. Rc1 N8e7 16. Ne2 Nf5 17. Qd2 Qd7 18. Rfd1 Rad8 19. b4 a6 20. a4 Rfe8 21.
b5 axb5 22. axb5 Nce7 23. Nc3 Nxe3 24. fxe3 Nf5 25. Rb1 Bh6 26. Re1 Qc7 27.
Qf2 Ra8 28. b6 Qd7 29. Nb5 Ra3 30. Nxa3 Qa4 31. Nb5 Bg5 32. Qd2 Bh4 33. Rf1
Ng3 34. Rfc1 f5 35. Bd1 Qa6 36. Nc7 Qf1+ 37. Kh2 Qh1# {White checkmated} 0-1

[Event "ICC tourney 3150 (60 10)"]
[Site "Internet Chess Club"]
[Date "2023.03.18"]
[Round "1"]
[White "Ceballos, Sebastian Merida:Sebastianmc"]
[Black "GHOSH, YOHAN:luckylion"]
[Result "0-1"]
[ICCResult "White resigns"]
[WhiteElo "1850"]
[BlackElo "1445"]
[Opening "Nimzovich-Larsen attack: classical variation"]
[ECO "A01"]
[NIC "VO.08"]
[Time "11:42:27"]
[PlyCount "126"]
[TimeControl "3600+10"]

1. b3 d5 2. Bb2 c5 3. e3 Nc6 4. Bb5 e6 5. f4 f5 6. Nf3 Nf6 7. Ne5 Qc7 8. O-O
Be7 9. d3 O-O 10. Bxc6 bxc6 11. Rf3 Ng4 12. Nxg4 fxg4 13. Rg3 h5 14. Be5 Qd8
15. e4 dxe4 16. h3 Bf6 17. Nd2 Bxe5 18. fxe5 Qd4+ 19. Kh1 e3 20. c3 Qxd3 21.
Nc4 Qxd1+ 22. Rxd1 e2 23. Rg1 Rf1 24. Re3 Ba6 25. Rxe2 Bxc4 26. bxc4 Rxg1+
27. Kxg1 gxh3 28. gxh3 Rd8 29. Rb2 Rd3 30. Rb8+ Kh7 31. Rc8 Rxc3 32. Rxc6
Rxc4 33. Rxe6 Rc1+ 34. Kg2 Rc2+ 35. Kg3 Rxa2 36. Rc6 Rc2 37. Ra6 Rc3+ 38.
Kh4 Re3 39. e6 Kg6 40. e7+ Kf7 41. Kxh5 Rxe7 42. Rc6 Re5+ 43. Kg4 a5 44. Kf4
Rh5 45. Ke4 a4 46. Ra6 Rxh3 47. Kd5 Rh5+ 48. Kc4 Rf5 49. Kc3 g5 50. Rxa4 Kg6
51. Kd3 Kh5 52. Ke3 g4 53. Ra8 g3 54. Ke4 Rf2 55. Rh8+ Kg4 56. Ke3 Rf1 57.
Ke2 g2 58. Rg8+ Kh3 59. Rh8+ Kg3 60. Rg8+ Kh2 61. Rh8+ Kg1 62. Rh5 Rc1 63.
Kd3 Kf2 {White resigns} 0-1

[Event "ICC tourney 3150 (60 10)"]
[Site "Internet Chess Club"]
[Date "2023.03.18"]
[Round "1"]
[White "LU, JOSHUA:qingjoshua"]
[Black "BRUDNO, STEPHEN:StevChess01"]
[Result "1/2-1/2"]
[ICCResult "Game drawn by repetition"]
[WhiteElo "1895"]
[BlackElo "1511"]
[Opening "English opening"]
[ECO "A10"]
[NIC "EO.64"]
[Time "11:00:18"]
[PlyCount "131"]
[TimeControl "3600+10"]

1. c4 g6 2. g3 Bg7 3. Bg2 e5 4. Nc3 c6 5. d3 d6 6. Rb1 a5 7. a3 Ne7 8. b4
axb4 9. axb4 d5 10. cxd5 cxd5 11. e4 d4 12. Na4 O-O 13. Ne2 b6 14. b5 Be6
15. O-O Nd7 16. f4 f6 17. Ba3 Re8 18. f5 Bf7 19. fxg6 hxg6 20. Bh3 Nf8 21.
Qc2 Ne6 22. Nc1 Qb8 23. Bb4 Nc8 24. Bd2 Nd6 25. Nb2 Nxb5 26. Nc4 Na3 27.
Nxa3 Rxa3 28. Qc6 Ra6 29. Nb3 Qc8 30. Rfc1 Qxc6 31. Rxc6 Ra2 32. Rxb6 Nf8
33. Bc1 Rc2 34. Ba3 Rc3 35. Bf1 Ra8 36. Bb4 Rc2 37. Na5 Nd7 38. Rc6 Rxc6 39.
Nxc6 Bh6 40. Rb2 Be3+ 41. Kg2 Kg7 42. Be2 Be6 43. h4 Rc8 44. Ne7 Rc1 45. h5
gxh5 46. Bxh5 Kh6 47. Bf3 Rg1+ 48. Kh2 Rf1 49. Kg2 Rg1+ 50. Kh2 Kg5 51. Bd2
Rf1 52. Bxe3+ dxe3 53. Kg2 Rc1 54. Re2 Rc3 55. Rxe3 Nc5 56. Be2 Bc4 57. Kf3
Bxd3 58. Bxd3 Rxd3 59. Rxd3 Nxd3 60. Nd5 Nc5 61. Ke3 Ne6 62. Kf3 Nd4+ 63.
Ke3 Ne6 64. Kf3 Nd4+ 65. Ke3 Ne6 66. Kf3 {Game drawn by repetition} 1/2-1/2

[Event "ICC tourney 3150 (60 10)"]
[Site "Internet Chess Club"]
[Date "2023.03.18"]
[Round "2"]
[White "S.M, UMER:uncrackable"]
[Black "MENON, ROHAN Dileep:KIDFIRE"]
[Result "1-0"]
[ICCResult "Black checkmated"]
[WhiteElo "1865"]
[BlackElo "1342"]
[Opening "Queen's bishop game"]
[ECO "D02"]
[NIC "QP.08"]
[Time "14:00:09"]
[PlyCount "85"]
[TimeControl "3600+10"]

1. d4 d5 2. Nf3 Nf6 3. Bf4 Bf5 4. e3 e6 5. c4 c6 6. Nc3 Nbd7 7. Qb3 Qb6 8.
c5 Qxb3 9. axb3 Be7 10. h3 O-O 11. b4 b6 12. Ba6 bxc5 13. bxc5 e5 14. Nxe5
Nxe5 15. Bxe5 Bc8 16. Kd2 Re8 17. b4 Nd7 18. Bg3 Bxa6 19. Rxa6 Rec8 20. Rha1
Nf6 21. Rxa7 Rxa7 22. Rxa7 Bf8 23. f3 g5 24. Be5 Ne8 25. e4 f6 26. Bh2 dxe4
27. fxe4 Rd8 28. d5 cxd5 29. exd5 Ng7 30. d6 Ne6 31. Nd5 Bg7 32. Ne7+ Kf8
33. Nf5 Bh8 34. Rxh7 Kg8 35. Re7 Ng7 36. Nh6+ Kf8 37. g4 Rb8 38. Rf7+ Ke8
39. d7+ Kd8 40. Bxb8 Nf5 41. Nxf5 Bg7 42. Nd6 f5 43. Nb7# {Black checkmated}
1-0

[Event "ICC tourney 3150 (60 10)"]
[Site "Internet Chess Club"]
[Date "2023.03.18"]
[Round "2"]
[White "Hamlett, James Morrison:Hamlett144"]
[Black "ZHAO, DANSON:K01-30127679"]
[Result "1-0"]
[ICCResult "Black resigns"]
[WhiteElo "1200"]
[BlackElo "1502"]
[Opening "Evans gambit"]
[ECO "C51"]
[NIC "IG.05"]
[Time "14:01:05"]
[PlyCount "47"]
[TimeControl "3600+10"]

1. e4 e5 2. Nf3 Nc6 3. Bc4 Bc5 4. b4 Bxb4 5. c3 Bc5 6. d4 exd4 7. O-O h6 8.
cxd4 Bb6 9. e5 d5 10. exd6 cxd6 11. d5 Na5 12. Bb5+ Bd7 13. Qe2+ Ne7 14.
Bxd7+ Qxd7 15. Re1 Bd8 16. Bd2 Rc8 17. Nc3 a6 18. Ne4 O-O 19. Bxh6 f5 20.
Neg5 gxh6 21. Ne6 Re8 22. Qd2 Kh7 23. Nfg5+ Kg6 24. h4 {Black resigns} 1-0

[Event "ICC tourney 3150 (60 10)"]
[Site "Internet Chess Club"]
[Date "2023.03.18"]
[Round "2"]
[White "GHOSH, YOHAN:luckylion"]
[Black "OPASKA, MICHAEL:mopaska1106"]
[Result "1/2-1/2"]
[ICCResult "Game drawn by mutual agreement"]
[WhiteElo "1445"]
[BlackElo "1838"]
[Opening "Caro-Kann: Tartakower (Nimzovich) variation"]
[ECO "B15"]
[NIC "CK.06"]
[Time "14:00:10"]
[PlyCount "65"]
[TimeControl "3600+10"]

1. e4 c6 2. d4 d5 3. Nc3 dxe4 4. Nxe4 Nf6 5. Nxf6+ exf6 6. Nf3 Bd6 7. Bd3
O-O 8. O-O Be6 9. c4 Bc7 10. Qc2 g6 11. Bh6 Re8 12. Rfe1 Nd7 13. d5 Bg4 14.
Nd4 Ne5 15. h3 cxd5 16. hxg4 dxc4 17. Bxc4 Qxd4 18. Bxf7+ Kxf7 19. Qxc7+ Re7
20. Qc2 Qxg4 21. Qb3+ Qe6 22. Qc3 Rc8 23. Qa3 Qg4 24. f4 Nc6 25. Qb3+ Ke8
26. Qg8+ Kd7 27. Rad1+ Kc7 28. Rxe7+ Nxe7 29. Rc1+ Kb8 30. Rxc8+ Qxc8 31.
Qxh7 Qc5+ 32. Kh2 Qh5+ 33. Kg1 {Game drawn by mutual agreement} 1/2-1/2

[Event "ICC tourney 3150 (60 10)"]
[Site "Internet Chess Club"]
[Date "2023.03.18"]
[Round "2"]
[White "Anh, Phuc:Phucanhfananime"]
[Black "RAMKUMAR, NIKHIL:nikhilramkumar"]
[Result "0-1"]
[ICCResult "White resigns"]
[WhiteElo "1765"]
[BlackElo "1195"]
[Opening "Queen's pawn, Mason variation"]
[ECO "D00"]
[NIC "QP.08"]
[Time "14:01:05"]
[PlyCount "130"]
[TimeControl "3600+10"]

1. d4 d5 2. Bf4 Bf5 3. e3 e6 4. c4 c6 5. Nc3 Nf6 6. Qb3 b6 7. cxd5 cxd5 8.
Bb5+ Nbd7 9. Qa4 a6 10. Bc6 b5 11. Nxb5 Rc8 12. Nc3 Be7 13. Bb7 Rc4 14. Qxa6
O-O 15. Nge2 Bd3 16. Qa7 Nh5 17. a4 g5 18. Bg3 Nxg3 19. hxg3 Bd6 20. Nc1
Rxc3 21. bxc3 Bb8 22. Qa8 Bc4 23. Ba6 Qa5 24. Ne2 Bxa6 25. O-O Rc8 26. Rfb1
Nb6 27. Rb5 Qxb5 28. axb5 Nxa8 29. Rxa6 Bc7 30. Kf1 Nb6 31. Ke1 Ra8 32. Kd2
Rxa6 33. bxa6 Na8 34. Nc1 Bb6 35. Nd3 Nc7 36. Nb4 Kf8 37. Kc2 Ba5 38. Nc6
Bb6 39. Ne5 Ke7 40. a7 f6 41. Nc6+ Kd6 42. Nb4 Bxa7 43. Kd3 e5 44. f3 Ne6
45. g4 Ng7 46. e4 dxe4+ 47. fxe4 exd4 48. cxd4 Ne6 49. Nc2 Nf4+ 50. Kc4 Nxg2
51. Na3 Bb6 52. Nb5+ Kd7 53. Kd3 Nf4+ 54. Ke3 Kc6 55. Nc3 Ng2+ 56. Kd3 Ne1+
57. Kc4 Nf3 58. d5+ Kd7 59. Ne2 Ne5+ 60. Kb5 Bc7 61. Nd4 Nxg4 62. Ne6 h5 63.
Nc5+ Ke7 64. Kc6 Bd6 65. Nb7 Ne5+ {White resigns} 0-1

[Event "ICC tourney 3150 (60 10)"]
[Site "Internet Chess Club"]
[Date "2023.03.18"]
[Round "2"]
[White "BRUDNO, STEPHEN:StevChess01"]
[Black "YUAN, SERENA:doudou2011"]
[Result "0-1"]
[ICCResult "White resigns"]
[WhiteElo "1511"]
[BlackElo "1639"]
[Opening "QGD: exchange, positional line, 6.Qc2"]
[ECO "D36"]
[NIC "QO.16"]
[Time "14:00:14"]
[PlyCount "56"]
[TimeControl "3600+10"]

1. d4 d5 2. c4 e6 3. Nc3 Nf6 4. cxd5 exd5 5. Bg5 c6 6. Qc2 Be7 7. e3 O-O 8.
Bd3 Nbd7 9. Nge2 Re8 10. O-O Nf8 11. f3 g6 12. Kh1 Ne6 13. Bh4 Ng7 14. Bf2
Bf5 15. e4 dxe4 16. fxe4 Be6 17. Rad1 Ng4 18. Bg1 Bg5 19. Rf3 f5 20. h3 fxe4
21. Nxe4 Nh6 22. Nxg5 Qxg5 23. Be3 Qh4 24. Qd2 Nf7 25. Rdf1 Bd5 26. Rg3 Nh5
27. Rg4 Qxh3+ 28. Kg1 Qxg4 {White resigns} 0-1

[Event "ICC tourney 3150 (60 10)"]
[Site "Internet Chess Club"]
[Date "2023.03.18"]
[Round "2"]
[White "HAO, RYAN:Ryan334"]
[Black "LU, JOSHUA:qingjoshua"]
[Result "0-1"]
[ICCResult "White checkmated"]
[WhiteElo "1055"]
[BlackElo "1895"]
[Opening "Caro-Kann: exchange, Rubinstein variation"]
[ECO "B13"]
[NIC "CK.02"]
[Time "14:00:14"]
[PlyCount "116"]
[TimeControl "3600+10"]

1. e4 c6 2. d4 d5 3. exd5 cxd5 4. Bd3 Nc6 5. c3 Nf6 6. Bf4 Bg4 7. Qb3 Qd7 8.
Nd2 e6 9. Ngf3 a6 10. h3 Bh5 11. O-O Be7 12. Rfe1 O-O 13. Rad1 Bg6 14. Bxg6
hxg6 15. Ne5 Qc8 16. Ndf3 Nd7 17. Nxc6 Qxc6 18. Ne5 Nxe5 19. Bxe5 b5 20. a3
Ra7 21. Qc2 a5 22. Qd3 Rb7 23. Rc1 Rc8 24. Qe3 Bd6 25. Bxd6 Qxd6 26. Qe5
Qxe5 27. Rxe5 b4 28. axb4 axb4 29. Ree1 Rc4 30. Rc2 Rbc7 31. Rec1 f6 32. Kf1
Kf7 33. Ke2 b3 34. Rd2 Ra7 35. Kd3 e5 36. dxe5 fxe5 37. Re1 Kf6 38. Ke3 Re4+
39. Kf3 Rxe1 40. Rxd5 Ra2 41. Rd6+ Kf7 42. Rd7+ Kg8 43. Rd8+ Kh7 44. Rd2 Rb1
45. Re2 Rbxb2 46. Rxe5 Rxf2+ 47. Kg4 Rxg2+ 48. Kf3 Raf2+ 49. Ke3 Re2+ 50.
Kd4 Rxe5 51. Kxe5 b2 52. c4 b1=Q 53. c5 Qf5+ 54. Kd4 Rd2+ 55. Kc4 Qd3+ 56.
Kb4 Rb2+ 57. Ka4 Qb5+ 58. Ka3 Qb3# {White checkmated} 0-1

[Event "ICC tourney 3150 (60 10)"]
[Site "Internet Chess Club"]
[Date "2023.03.18"]
[Round "2"]
[White "QI, JENNY:eevee11"]
[Black "Cheng, Samuel:Samuel1001"]
[Result "0-1"]
[ICCResult "White checkmated"]
[WhiteElo "1630"]
[BlackElo "1030"]
[Opening "Caro-Kann: Tartakower (Nimzovich) variation"]
[ECO "B15"]
[NIC "CK.06"]
[Time "14:00:21"]
[PlyCount "128"]
[TimeControl "3600+10"]

1. e4 c6 2. d4 d5 3. Nc3 dxe4 4. Nxe4 Nf6 5. Nxf6+ exf6 6. c3 Bd6 7. Bd3 O-O
8. Qc2 Re8+ 9. Ne2 h5 10. Be3 Nd7 11. h3 Nf8 12. O-O Be6 13. Nf4 Bxf4 14.
Bxf4 g5 15. Be3 Kg7 16. f4 Bxh3 17. fxg5 fxg5 18. Qf2 Qe7 19. gxh3 Qxe3 20.
Bc4 Qxf2+ 21. Rxf2 Ne6 22. Rf5 f6 23. h4 Nf4 24. hxg5 Nh3+ 25. Kh2 Nxg5 26.
Raf1 Rf8 27. Kg3 Rae8 28. d5 h4+ 29. Kxh4 Rh8+ 30. Kg4 Re4+ 31. R1f4 Rxf4+
32. Rxf4 Rh1 33. dxc6 bxc6 34. Rd4 Rg1+ 35. Kf5 Nh7 36. Rg4+ Rxg4 37. Kxg4
Kf8 38. Bd3 Ng5 39. Kf5 Ke7 40. Be4 Nxe4 41. Kxe4 Ke6 42. c4 c5 43. a3 a5
44. b3 f5+ 45. Kd3 Ke5 46. Ke3 f4+ 47. Kf3 Kf5 48. Kf2 Ke4 49. Ke2 Kd4 50.
Kf3 Kc3 51. b4 axb4 52. axb4 Kxb4 53. Kxf4 Kxc4 54. Ke3 Kb3 55. Kd2 c4 56.
Kc1 Kc3 57. Kb1 Kd2 58. Kb2 c3+ 59. Ka1 c2 60. Kb2 c1=Q+ 61. Ka2 Qc4+ 62.
Ka1 Qb4 63. Ka2 Kc2 64. Ka1 Qa3# {White checkmated} 0-1

[Event "ICC tourney 3150 (60 10)"]
[Site "Internet Chess Club"]
[Date "2023.03.18"]
[Round "2"]
[White "Blanchette, Rene:TheWitnesses"]
[Black "KOEHL, EVAN:MacAndSneeze"]
[Result "0-1"]
[ICCResult "White resigns"]
[WhiteElo "1900"]
[BlackElo "1729"]
[Opening "Réti opening"]
[ECO "A05"]
[NIC "QP.11"]
[Time "14:00:27"]
[PlyCount "108"]
[TimeControl "3600+10"]

1. Nf3 Nf6 2. b3 b6 3. e3 e6 4. Bb2 d5 5. Be2 Bb7 6. d3 Be7 7. O-O O-O 8.
Nbd2 c5 9. c4 Nc6 10. a3 Qd7 11. Qc2 Rac8 12. Rfe1 Ne8 13. Rad1 Bf6 14. Nf1
Bxb2 15. Qxb2 Nf6 16. Ng3 Qc7 17. d4 dxc4 18. Bxc4 Na5 19. Be2 cxd4 20. Nxd4
Bd5 21. Rc1 Qb7 22. f3 Qe7 23. e4 Bb7 24. b4 Nc6 25. Nxc6 Rxc6 26. Rxc6 Bxc6
27. Ba6 Bb7 28. Bxb7 Qxb7 29. Rd1 Rc8 30. Qd4 h6 31. e5 Nd5 32. Ne4 Qc6 33.
Nd6 Rc7 34. g3 Qc3 35. Qxc3 Rxc3 36. Nb5 Rxf3 37. Nxa7 Rxa3 38. Nc6 Rc3 39.
b5 Rb3 40. Ra1 Rxb5 41. Ra8+ Kh7 42. Ra7 Kg6 43. Nd8 Rb1+ 44. Kf2 Rb2+ 45.
Kg1 Ne3 46. Nxf7 Rg2+ 47. Kh1 Rf2 48. Nh8+ Kh7 49. Rf7 Rc2 50. h4 Kxh8 51.
Re7 Rc6 52. Kg1 Nc4 53. Re8+ Kh7 54. g4 Nxe5 {White resigns} 0-1

[Event "ICC tourney 3150 (60 10)"]
[Site "Internet Chess Club"]
[Date "2023.03.18"]
[Round "2"]
[White "QIAO, RICHARDSON JINGSI:Richardsonqiao"]
[Black "Ceballos, Sebastian Merida:Sebastianmc"]
[Result "0-1"]
[ICCResult "White checkmated"]
[WhiteElo "1347"]
[BlackElo "1850"]
[Opening "Queen's pawn"]
[ECO "A40"]
[NIC "QO.17"]
[Time "14:00:20"]
[PlyCount "90"]
[TimeControl "3600+10"]

1. d4 e6 2. Bf4 f5 3. e3 Nf6 4. Nf3 b6 5. c3 Bb7 6. Be2 Be7 7. Nbd2 O-O 8.
O-O Ne4 9. Nxe4 fxe4 10. Ne5 d6 11. Nc4 Nd7 12. Bg4 Rf6 13. Qe2 Ba6 14. b3
d5 15. Qc2 dxc4 16. Qxe4 cxb3 17. Bxe6+ Kh8 18. Rfb1 b2 19. Rxb2 Bb7 20. Bd5
Nc5 21. dxc5 Bxd5 22. Qe5 Bxc5 23. Bg5 Re6 24. Qxe6 Qxg5 25. Qh3 Rf8 26. Qg3
Qf6 27. Rd1 Bd6 28. Qg4 Be6 29. Qe2 Qxc3 30. Rc2 Qe5 31. f4 Qe4 32. Rd4 Qg6
33. g3 Bc5 34. Rdd2 Bg4 35. Qe1 Qe4 36. Rc3 Re8 37. Rdd3 Bb4 38. Rd4 Qxd4
39. exd4 Rxe1+ 40. Kf2 Re2+ 41. Kf1 Bxc3 42. h3 Bf3 43. a4 Bxd4 44. a5 Ra2
45. a6 Ra1# {White checkmated} 0-1

[Event "ICC tourney 3150 (60 10)"]
[Site "Internet Chess Club"]
[Date "2023.03.18"]
[Round "2"]
[White "VALE CRUZ, ARMIN:trucker"]
[Black "SHERNOFF, LEON:LeonShernoff"]
[Result "0-1"]
[ICCResult "White forfeits on time"]
[WhiteElo "1642"]
[BlackElo "1905"]
[Opening "Scotch gambit: Dubois-Réti defense"]
[ECO "C55"]
[NIC "KP.02"]
[Time "14:01:05"]
[PlyCount "94"]
[TimeControl "3600+10"]

1. e4 e5 2. Nf3 Nc6 3. d4 exd4 4. Bc4 Nf6 5. e5 d5 6. Bb5 Ne4 7. Nxd4 Bc5 8.
Be3 O-O 9. Bxc6 Bxd4 10. Qxd4 bxc6 11. O-O c5 12. Qa4 Bd7 13. Qa3 d4 14. Bf4
f6 15. f3 fxe5 16. Bxe5 Qh4 17. Qd3 Nd6 18. Nd2 Bb5 19. Qb3+ c4 20. Qb4 c3
21. Bxd6 Bxf1 22. Bg3 Qh6 23. Nxf1 cxb2 24. Qxb2 c5 25. Re1 Qc6 26. Nd2 Rfe8
27. Qb3+ Kh8 28. Qf7 Rxe1+ 29. Bxe1 Qe8 30. Qxe8+ Rxe8 31. Kf1 Rb8 32. Nc4
Rb1 33. Ke2 Kg8 34. g4 Kf7 35. c3 Ke6 36. cxd4 cxd4 37. Bd2 Kd5 38. Kd3 Rf1
39. f4 Rf3+ 40. Ne3+ dxe3 41. Bxe3 Rh3 42. a3 a6 43. f5 Rxh2 44. g5 Rg2 45.
f6 gxf6 46. gxf6 Ke6 47. Bd4 Rg3+ {White forfeits on time} 0-1

[Event "ICC tourney 3150 (60 10)"]
[Site "Internet Chess Club"]
[Date "2023.03.18"]
[Round "3"]
[White "LO, AARON:Pikaplaychu"]
[Black "Anh, Phuc:Phucanhfananime"]
[Result "0-1"]
[ICCResult "White resigns"]
[WhiteElo "1387"]
[BlackElo "1765"]
[Opening "Sicilian: accelerated fianchetto, modern variation with Bc4"]
[ECO "B35"]
[NIC "SI.33"]
[Time "17:00:53"]
[PlyCount "26"]
[TimeControl "3600+10"]

1. e4 c5 2. Nf3 Nc6 3. d4 cxd4 4. Nxd4 g6 5. Be3 Bg7 6. Bc4 Nf6 7. Nc3 O-O
8. Qd2 Ng4 9. Nxc6 dxc6 10. Qxd8 Rxd8 11. Bd2 Nxf2 12. Kxf2 Rxd2+ 13. Ke3
Rxc2 {White resigns} 0-1

[Event "ICC tourney 3150 (60 10)"]
[Site "Internet Chess Club"]
[Date "2023.03.18"]
[Round "3"]
[White "MENON, ROHAN Dileep:KIDFIRE"]
[Black "Blanchette, Rene:TheWitnesses"]
[Result "1-0"]
[ICCResult "Black checkmated"]
[WhiteElo "1342"]
[BlackElo "1900"]
[Opening "Queen's pawn game"]
[ECO "A46"]
[NIC "QP.06"]
[Time "17:01:09"]
[PlyCount "65"]
[TimeControl "3600+10"]

1. d4 Nf6 2. Nf3 c5 3. c3 e6 4. Bf4 d5 5. e3 Nc6 6. Nbd2 b6 7. Bb5 Bb7 8.
Qa4 Qd7 9. Ne5 Nxe5 10. Bxd7+ Nexd7 11. O-O Be7 12. b4 c4 13. Nf3 a6 14. Ne5
b5 15. Qa5 Bd8 16. Qa3 Ne4 17. Nxd7 Kxd7 18. f3 Nf6 19. Rad1 h6 20. Rfe1 g5
21. Be5 Rg8 22. Bxf6 Bxf6 23. e4 g4 24. fxg4 dxe4 25. d5 Bxd5 26. Rxe4 Kc6
27. Rf4 Bg5 28. Rxf7 Be3+ 29. Kh1 Rxg4 30. Rxd5 Kxd5 31. Qa5 Re4 32. Qc7 Bf2
33. Rd7# {Black checkmated} 1-0

[Event "ICC tourney 3150 (60 10)"]
[Site "Internet Chess Club"]
[Date "2023.03.18"]
[Round "3"]
[White "YUAN, SERENA:doudou2011"]
[Black "GHOSH, YOHAN:luckylion"]
[Result "1/2-1/2"]
[ICCResult "Game drawn by repetition"]
[WhiteElo "1639"]
[BlackElo "1445"]
[Opening "Queen's pawn game"]
[ECO "D02"]
[NIC "QP.08"]
[Time "17:03:15"]
[PlyCount "66"]
[TimeControl "3600+10"]

1. d4 d5 2. Nf3 e6 3. c4 c6 4. g3 Nf6 5. Bg2 Bb4+ 6. Bd2 Bxd2+ 7. Nbxd2 Nbd7
8. O-O O-O 9. Qc2 b6 10. e4 Nxe4 11. Nxe4 dxe4 12. Qxe4 Bb7 13. Rfd1 Nf6 14.
Qe2 Qe7 15. Ne5 Rac8 16. Rac1 c5 17. d5 exd5 18. cxd5 Rcd8 19. d6 Rxd6 20.
Rxd6 Bxg2 21. Rcd1 Ba8 22. f4 Qb7 23. Nc6 Ne8 24. Ne7+ Kh8 25. R6d5 Nf6 26.
Rd8 Qh1+ 27. Kf2 Qxh2+ 28. Ke1 Qg1+ 29. Qf1 Qe3+ 30. Qe2 Qg1+ 31. Qf1 Qe3+
32. Qe2 Qg1+ 33. Qf1 Qe3+ {Game drawn by repetition} 1/2-1/2